 Dungeon Crawl Stone Soup version 0.27.1 (webtiles) character file.

Game seed: 12219859404904451506

104 MajorAdolf the Covert (level 4, 0/36 HPs)
             Began as a Naga Wanderer on Aug 23, 2021.
             Succumbed to a scorpion's poison
             ... on level 4 of the Dungeon.
             The game lasted 00:05:08 (3586 turns).

MajorAdolf the Covert (Naga Wanderer)               Turns: 3586, Time: 00:05:08

Health: 0/36       AC:  1    Str: 14    XL:     4   Next: 80%
Magic:  4/4        EV:  9    Int: 17    God:
Gold:   32         SH:  0    Dex: 13    Spells: 3/3 levels left

rFire    . . .     SeeInvis +   m - +2 mace (drain)
rCold    . . .     Faith    .   (no shield)
rNeg     . . .     Spirit   .   (no armour)
rPois    +         Reflect  .   (no helmet)
rElec    .         Harm     .   (no cloak)
rCorr    .         Rampage  .   (no gloves)
Will     .....                  (no barding)
Stlth    ++++......             k - amulet of the acrobat
HPRegen  0.12/turn              f - +6 ring of intelligence
MPRegen  0.09/turn              (no ring)

@: lethally poisoned (0 -> -23), short of breath, very slow
A: AC +1, large, see invisible, deformed body, poison resistance, slowness 2,
spit poison 1, naga tail 1
a: Spit Poison


You were on level 4 of the Dungeon.
You visited 1 branch of the dungeon, and saw 5 of its levels.

You collected 32 gold pieces.

Inventory:

Hand Weapons
 a - a +2 dagger
 m - a +2 mace of draining (weapon)
 o - a +0 hunting sling
Missiles
 n - 2 javelins (quivered)
Magical Staves
 i - a staff of air
Jewellery
 f - a +6 ring of intelligence (left hand)
 k - an amulet of the acrobat (around neck)
Scrolls
 b - a scroll of fear
 d - 4 scrolls of teleportation
 e - 2 scrolls of identify {unknown}
 g - a scroll of enchant armour {unknown}
 j - a scroll of acquirement {unknown}
 p - a scroll of immolation {unknown}
Potions
 h - a potion of curing {unknown}
 l - a potion of degeneration {unknown}
 q - a potion of haste {unknown}


   Skills:
 - Level 2.0 Polearms
 - Level 1.0 Bows
 - Level 1.5 Armour
 + Level 10.0 Stealth


You had 3 spell levels left.
You didn't know any spells.
Your spell library contained the following spells:

 Spells                   Type           Power      Damage    Failure   Level
 Portal Projectile        Hex/Tloc       0%         N/A       56%         3
 Blade Hands              Tmut           0%         N/A       100%        5
 Excruciating Wounds      Necr           0%         N/A       100%        5


Dungeon Overview and Level Annotations

Branches:
Dungeon (5/15)
 Temple: D:4-7

Altars:


Innate Abilities, Weirdness & Mutations

Your serpentine skin is tough. (AC +1)
You have supernaturally acute eyesight. (SInv)
Armour fits poorly on your strangely shaped body.
Your system is resistant to poisons. (rPois)
You cover ground very slowly.
You can spit poison.
You have a snake-like lower body.


Message History

Press: ? - help, Shift-Dir - straight line, f - scorpion
Aim: a scorpion (wandering, hasn't noticed you)
The splash of poison hits the scorpion.
The scorpion is lightly wounded.
You closely miss the scorpion.
The scorpion is lightly wounded.
You have got your breath back.
The scorpion stings you.
Press: ? - help, Shift-Dir - straight line, f/p - scorpion
Aim: a scorpion (lightly wounded)
The splash of poison misses the scorpion.
The scorpion stings you.
Unknown command.
You closely miss the scorpion.
The scorpion is lightly wounded.
The scorpion misses you. The scorpion stings you!
You hit the scorpion but do no damage.
The scorpion is lightly wounded.
You have got your breath back.
The scorpion barely misses you. The scorpion stings you.
Okay, then.
Press: ? - help, Shift-Dir - straight line, f/p - scorpion
Aim: a scorpion (lightly wounded)
The splash of poison hits the scorpion but does no damage.
The scorpion is poisoned.
The scorpion is lightly wounded.
The scorpion stings you.
You are poisoned.
The scorpion poisons you!
Unknown command.
You barely miss the scorpion.
The scorpion is moderately wounded.
You feel very sick. The scorpion stings you.
* * * LOW HITPOINT WARNING * * *
You are more poisoned.
The scorpion poisons you! The scorpion closely misses you.
Okay, then.
It was a potion of cancellation.
You feel magically purged.
You die...

###########
#.........#
#.........#
#...†@....#
........s....#
.###...>.....#
#.........#
#.........#
####.######
#.# #.#


You could see a scorpion (poisoned).

Vanquished Creatures
  3 adders
  2 worms
  2 dart slugs
  An orc (D:3)
  8 ball pythons
  3 bats
  4 endoplasms
  3 giant cockroaches
  5 hobgoblins
  4 jackals (D:1)
  9 kobolds
  2 quokkas
  11 frilled lizards
  6 goblins
  5 rats
68 creatures vanquished.

Vanquished Creatures (others)
  7 plants (D:1)
7 creatures vanquished.

Grand Total: 75 creatures vanquished

Notes
Turn   | Place    | Note
-------+----------+-------------------------------------------
     0 | D:1      | MajorAdolf the Naga Wanderer began the quest for the Orb.
     0 | D:1      | MajorAdolf set off with the following items: a +2 dagger, a
                  | scroll of fear, a +0 ring mail, a scroll of teleportation
     0 | D:1      | Reached XP level 1. HP: 15/15 MP: 1/1
   229 | D:1      | Found a faded altar of an unknown god.
   455 | D:1      | Reached XP level 2. HP: 22/22 MP: 2/2
   527 | D:1      | Reached skill level 8 in Stealth
  1181 | D:1      | Reached XP level 3. HP: 14/28 MP: 3/3
  2126 | D:2      | Reached skill level 9 in Stealth
  2668 | D:2      | Reached XP level 4. HP: 36/36 MP: 4/4
  3309 | D:3      | Reached skill level 10 in Stealth
  3541 | D:3      | You fall into a shaft and drop 2 floors!
  3541 | D:5      | Entered Level 5 of the Dungeon
  3574 | D:4      | Noticed a scorpion
  3586 | D:4      | Succumbed to a scorpion's poison

Illustrated notes

Levels and vault maps discovered:
D:1:      wander_arrival_desolate, layout_rooms,
          chequers_ecumenical_altar_simple_redux, minmay_lizard_king
D:2:      layout_basic, chequers_serial_rivers_micro_e
D:3:      layout_loops_ring, serial_aquarium, aquarium_bridge_long_separate
          [aquarium_subvault_bridge, aquarium_subvault_bridge,
          aquarium_subvault_wall, aquarium_subvault_wall,
          aquarium_subvault_bridge, aquarium_subvault_wall],
          aquarium_bridge_straight [aquarium_subvault_bridge,
          aquarium_subvault_balcony, aquarium_subvault_bridge,
          aquarium_subvault_window], aquarium_window_fake, aquarium_window_fake,
          aquarium_window_corridor_1, aquarium_window_1, aquarium_view_2b,
          aquarium_balcony_1b, uniq_crazy_yiuf_cottage
D:4:      layout_rooms
D:5:      layout_rooms, temple_statues, uniq_pikel

Skill      XL: |  1  2  3  4 |
---------------+-------------+-----
Stealth        | 8 9 10 | 10.0
Polearms       | |  2.0
Bows           | |  1.0
Armour         | |  1.5

Action                   |  1- 3 |  4- 6 || total
-------------------------+-------+-------++-------
Melee: Dagger            |    72 |     8 ||    80
       Mace              |       |    14 ||    14
Throw: Javelin           |       |     6 ||     6
 Abil: Spit Poison       |    40 |    17 ||    57
  Use: Potion            |       |     1 ||     1
Armor: Skin              |     4 |       ||     4
Dodge: Dodged            |    37 |    11 ||    48
